Workbook

Sheet EGD Gross 2014
A7: EGD RATE ZONE UNREGULATED GAS PLANT
A8: CONTINUITY OF PROPERTY, PLANT AND EQUIPMENT
A9: 2014 ACTUAL
C14: Opening | F14: Closing
A15: Line | C15: Balance | F15: Balance
A16: No. | B16: Particulars ($ millions) | C16: Dec.2013 | D16: Additions | E16: Retirements | F16: Dec.2014
C17: (a) | D17: (b) | E17: (c) | F17: (d)
A21: 1 | B21: Production assets | C21: 9.74 | D21: 0.39 | E21: 0 | F21: 10.13
A22: =A21+1 -> 2 | B22: Land rights intangibles | C22: 8.24 | D22: 0 | E22: 0 | F22: 8.24
A23: =A22+1 -> 3 | B23: Storage | C23: 92.12 | D23: 0.77 | E23: 0 | F23: 92.9
A24: =A23+1 -> 4 | B24: ARO on oil assets | C24: 5.8 | D24: 3.2 | E24: 0 | F24: 9
A26: =A24+1 -> 5 | B26: Total | C26: =SUM(C21:C24) -> 115.9 | D26: =SUM(D21:D24) -> 4.36 | E26: =SUM(E21:E24) -> 0 | F26: =SUM(F21:F24) -> 120.27

Sheet EGD Gross 2015
A7: EGD RATE ZONE UNREGULATED GAS PLANT
A8: CONTINUITY OF PROPERTY, PLANT AND EQUIPMENT
A9: 2015 ACTUAL
C14: Opening | F14: Closing
A15: Line | C15: Balance | F15: Balance
A16: No. | B16: Particulars ($ millions) | C16: Dec.2014 | D16: Additions | E16: Retirements | F16: Dec.2015
C17: (a) | D17: (b) | E17: (c) | F17: (d)
A21: 1 | B21: Production assets | C21: 10.13 | D21: 0 | E21: -1.43 | F21: 8.7
A22: =A21+1 -> 2 | B22: Land rights intangibles | C22: 8.24 | D22: 0 | E22: 0 | F22: 8.24
A23: =A22+1 -> 3 | B23: Storage | C23: 92.9 | D23: 0.39 | E23: 0 | F23: 93.29
A24: =A23+1 -> 4 | B24: ARO on oil assets | C24: 9 | D24: 1.33 | E24: 0 | F24: 10.33
A26: =A24+1 -> 5 | B26: Total | C26: =SUM(C21:C24) -> 120.27 | D26: =SUM(D21:D24) -> 1.72 | E26: =SUM(E21:E24) -> -1.43 | F26: =SUM(F21:F24) -> 120.56

Sheet EGD Gross 2016
A7: EGD RATE ZONE UNREGULATED GAS PLANT
A8: CONTINUITY OF PROPERTY, PLANT AND EQUIPMENT
A9: 2016 ACTUAL
C14: Opening | F14: Closing
A15: Line | C15: Balance | F15: Balance
A16: No. | B16: Particulars ($ millions) | C16: Dec.2015 | D16: Additions | E16: Retirements | F16: Dec.2016
C17: (a) | D17: (b) | E17: (c) | F17: (d)
A21: 1 | B21: Production assets | C21: 8.7 | D21: 0 | E21: 0 | F21: 8.7
A22: =A21+1 -> 2 | B22: Land rights intangibles | C22: 8.24 | D22: 0 | E22: 0 | F22: 8.24
A23: =A22+1 -> 3 | B23: Storage | C23: 93.29 | D23: 0.21 | E23: 0 | F23: 93.5
A24: =A23+1 -> 4 | B24: ARO on oil assets | C24: 10.33 | D24: -3.99 | E24: 0 | F24: 6.33
A26: =A24+1 -> 5 | B26: Total | C26: =SUM(C21:C24) -> 120.56 | D26: =SUM(D21:D24) -> -3.78 | E26: =SUM(E21:E24) -> 0 | F26: =SUM(F21:F24) -> 116.77

Sheet EGD Gross 2017
A7: EGD RATE ZONE UNREGULATED GAS PLANT
A8: CONTINUITY OF PROPERTY, PLANT AND EQUIPMENT
A9: 2017 ACTUAL
C14: Opening | F14: Closing
A15: Line | C15: Balance | F15: Balance
A16: No. | B16: Particulars ($ millions) | C16: Dec.2016 | D16: Additions | E16: Retirements | F16: Dec.2017
C17: (a) | D17: (b) | E17: (c) | F17: (d)
A21: 1 | B21: Production assets | C21: 8.7 | D21: 0 | E21: 0 | F21: 8.7
A22: =A21+1 -> 2 | B22: Land rights intangibles | C22: 8.24 | D22: 0 | E22: 0 | F22: 8.24
A23: =A22+1 -> 3 | B23: Storage | C23: 93.5 | D23: 0.69 | E23: 0 | F23: 94.18
A24: =A23+1 -> 4 | B24: ARO on oil assets | C24: 6.33 | D24: 0 | E24: 0 | F24: 6.33
A26: =A24+1 -> 5 | B26: Total | C26: =SUM(C21:C24) -> 116.77 | D26: =SUM(D21:D24) -> 0.69 | E26: =SUM(E21:E24) -> 0 | F26: =SUM(F21:F24) -> 117.45

Sheet EGD Gross 2018
A7: EGD RATE ZONE UNREGULATED GAS PLANT
A8: CONTINUITY OF PROPERTY, PLANT AND EQUIPMENT
A9: 2018 ACTUAL
C14: Opening | F14: Closing
A15: Line | C15: Balance | F15: Balance
A16: No. | B16: Particulars ($ millions) | C16: Dec.2017 | D16: Additions | E16: Retirements | F16: Dec.2018
C17: (a) | D17: (b) | E17: (c) | F17: (d)
A21: 1 | B21: Production assets | C21: 8.7 | D21: 0 | E21: 0 | F21: 8.7
A22: =A21+1 -> 2 | B22: Land rights intangibles | C22: 8.24 | D22: 0 | E22: 0 | F22: 8.24
A23: =A22+1 -> 3 | B23: Storage | C23: 94.18 | D23: 0.28 | E23: 0 | F23: 94.46
A24: =A23+1 -> 4 | B24: ARO on oil assets | C24: 6.33 | D24: 6.97 | E24: 0 | F24: 13.31
A26: =A24+1 -> 5 | B26: Total | C26: =SUM(C21:C24) -> 117.45 | D26: =SUM(D21:D24) -> 7.25 | E26: =SUM(E21:E24) -> 0 | F26: =SUM(F21:F24) -> 124.71

Sheet EGD Accum 2014
A7: EGD RATE ZONE UNREGULATED GAS PLANT
A8: CONTINUITY OF ACCUMULATED DEPRECIATION
A9: ='EGD Gross 2014'!A9 -> 2014 ACTUAL
C14: Opening | F14: Costs | G14: Closing
A15: Line | C15: Balance | F15: Net of | G15: Balance
A16: No. | B16: Particulars ($ millions) | C16: ='EGD Gross 2014'!$C$16 -> Dec.2013 | D16: Additions | E16: Retirements | F16: Proceeds | G16: ='EGD Gross 2014'!$F$16 -> Dec.2014
C17: (a) | D17: (b) | E17: (c) | F17: (d) | G17: (e)
B19: EGD Rate Zone Underground storage plant
A21: 1 | B21: Production assets | C21: -2.52 | D21: -0.59 | E21: 0 | F21: 0 | G21: -3.11
A22: =A21+1 -> 2 | B22: Land rights intangibles | C22: -5.97 | D22: -0.82 | E22: 0 | F22: 0 | G22: -6.79
A23: =A22+1 -> 3 | B23: Storage | C23: -8.31 | D23: -1.85 | E23: 0 | F23: 0 | G23: -10.16
A24: =A23+1 -> 4 | B24: ARO Depeltion on Oil and Gas | C24: 0 | D24: -1.64 | E24: 0 | F24: 0 | G24: -1.64
A26: =A24+1 -> 5 | B26: Total | C26: =SUM(C21:C24) -> -16.8 | D26: =SUM(D21:D24) -> -4.9 | E26: =SUM(E21:E24) -> 0 | F26: =SUM(F21:F24) -> 0 | G26: =SUM(G21:G24) -> -21.7

Sheet EGD Accum 2015
A7: EGD RATE ZONE UNREGULATED GAS PLANT
A8: CONTINUITY OF ACCUMULATED DEPRECIATION
A9: ='EGD Gross 2015'!A9 -> 2015 ACTUAL
C14: Opening | F14: Costs | G14: Closing
A15: Line | C15: Balance | F15: Net of | G15: Balance
A16: No. | B16: Particulars ($ millions) | C16: ='EGD Gross 2015'!$C$16 -> Dec.2014 | D16: Additions | E16: Retirements | F16: Proceeds | G16: ='EGD Gross 2015'!$F$16 -> Dec.2015
C17: (a) | D17: (b) | E17: (c) | F17: (d) | G17: (e)
B19: EGD Rate Zone Underground storage plant
A21: 1 | B21: Production assets | C21: -3.11 | D21: -0.51 | E21: 1.43 | F21: 0 | G21: -2.18
A22: =A21+1 -> 2 | B22: Land rights intangibles | C22: -6.79 | D22: -0.7 | E22: 0 | F22: 0 | G22: -7.49
A23: =A22+1 -> 3 | B23: Storage | C23: -10.16 | D23: -1.85 | E23: 0 | F23: 0 | G23: -12
A24: =A23+1 -> 4 | B24: ARO Depeltion on Oil and Gas | C24: -1.64 | D24: -0.83 | E24: 0 | F24: 0 | G24: -2.47
A26: =A24+1 -> 5 | B26: Total | C26: =SUM(C21:C24) -> -21.7 | D26: =SUM(D21:D24) -> -3.89 | E26: =SUM(E21:E24) -> 1.43 | F26: =SUM(F21:F24) -> 0 | G26: =SUM(G21:G24) -> -24.14

Sheet EGD Accum 2016
A7: EGD RATE ZONE UNREGULATED GAS PLANT
A8: CONTINUITY OF ACCUMULATED DEPRECIATION
A9: ='EGD Gross 2016'!A9 -> 2016 ACTUAL
C14: Opening | F14: Costs | G14: Closing
A15: Line | C15: Balance | F15: Net of | G15: Balance
A16: No. | B16: Particulars ($ millions) | C16: ='EGD Gross 2016'!$C$16 -> Dec.2015 | D16: Additions | E16: Retirements | F16: Proceeds | G16: ='EGD Gross 2016'!$F$16 -> Dec.2016
C17: (a) | D17: (b) | E17: (c) | F17: (d) | G17: (e)
B19: EGD Rate Zone Underground storage plant
A21: 1 | B21: Production assets | C21: -2.18 | D21: 0 | E21: 0 | F21: 0 | G21: -2.18
A22: =A21+1 -> 2 | B22: Land rights intangibles | C22: -7.49 | D22: 0 | E22: 0 | F22: 0 | G22: -7.49
A23: =A22+1 -> 3 | B23: Storage | C23: -12 | D23: -2.05 | E23: 0 | F23: 0 | G23: -14.05
A24: =A23+1 -> 4 | B24: ARO Depeltion on Oil and Gas | C24: -2.47 | D24: 2.86 | E24: 0 | F24: 0 | G24: 0.39
A26: =A24+1 -> 5 | B26: Total | C26: =SUM(C21:C24) -> -24.14 | D26: =SUM(D21:D24) -> 0.81 | E26: =SUM(E21:E24) -> 0 | F26: =SUM(F21:F24) -> 0 | G26: =SUM(G21:G24) -> -23.33

Sheet EGD Accum 2018
A7: EGD RATE ZONE UNREGULATED GAS PLANT
A8: CONTINUITY OF ACCUMULATED DEPRECIATION
A9: 2018 ACTUAL
C14: Opening | F14: Costs | G14: Closing
A15: Line | C15: Balance | F15: Net of | G15: Balance
A16: No. | B16: Particulars ($ millions) | C16: ='EGD Gross 2018'!$C$16 -> Dec.2017 | D16: Additions | E16: Retirements | F16: Proceeds | G16: ='EGD Gross 2018'!$F$16 -> Dec.2018
C17: (a) | D17: (b) | E17: (c) | F17: (d) | G17: (e)
B19: EGD Rate Zone Underground storage plant
A21: 1 | B21: Production assets | C21: -2.71 | D21: -0.94 | E21: 0 | F21: 0 | G21: -3.65
A22: =A21+1 -> 2 | B22: Land rights intangibles | C22: -7.49 | D22: -0.01 | E22: 0 | F22: 0 | G22: -7.5
A23: =A22+1 -> 3 | B23: Storage | C23: -15.92 | D23: -0.93 | E23: 0 | F23: 0.2 | G23: -16.66
A24: =A23+1 -> 4 | B24: ARO Depeltion on Oil and Gas | C24: -0.13 | D24: 0 | E24: 0 | F24: 0 | G24: -0.13
A26: =A24+1 -> 5 | B26: Total | C26: =SUM(C21:C24) -> -26.25 | D26: =SUM(D21:D24) -> -1.88 | E26: =SUM(E21:E24) -> 0 | F26: =SUM(F21:F24) -> 0.2 | G26: =SUM(G21:G24) -> -27.94

Sheet EGD Accum 2017
A7: EGD RATE ZONE UNREGULATED GAS PLANT
A8: CONTINUITY OF ACCUMULATED DEPRECIATION
A9: 2017 ACTUAL
C14: Opening | F14: Costs | G14: Closing
A15: Line | C15: Balance | F15: Net of | G15: Balance
A16: No. | B16: Particulars ($ millions) | C16: ='EGD Gross 2017'!$C$16 -> Dec.2016 | D16: Additions | E16: Retirements | F16: Proceeds | G16: ='EGD Gross 2017'!$F$16 -> Dec.2017
C17: (a) | D17: (b) | E17: (c) | F17: (d) | G17: (e)
B19: EGD Rate Zone Underground storage plant
A21: 1 | B21: Production assets | C21: -2.18 | D21: -0.52 | E21: 0 | F21: 0 | G21: -2.71
A22: =A21+1 -> 2 | B22: Land rights intangibles | C22: -7.49 | D22: 0 | E22: 0 | F22: 0 | G22: -7.49
A23: =A22+1 -> 3 | B23: Storage | C23: -14.05 | D23: -1.87 | E23: 0 | F23: 0 | G23: -15.92
A24: =A23+1 -> 4 | B24: ARO Depeltion on Oil and Gas | C24: 0.39 | D24: -0.52 | E24: 0 | F24: 0 | G24: -0.13
A26: =A24+1 -> 5 | B26: Total | C26: =SUM(C21:C24) -> -23.33 | D26: =SUM(D21:D24) -> -2.91 | E26: =SUM(E21:E24) -> 0 | F26: =SUM(F21:F24) -> 0 | G26: =SUM(G21:G24) -> -26.25
